PAA
ASHEVILLE HIGHLANDERS @ MINNESOTA LOONS
09/04/2031
 
TOP OF THE 1ST
Asheville Highlanders batting - Pitching for Minnesota Loons : LHP Luis Domínguez
Pitching: LHP Luis Domínguez
Batting: RHB Craig Tricket 0-0: Swinging Strike
0-1: Ball
1-1: Foul Ball, location: 2F
1-2: Foul Ball, location: 2F
1-2: SOLO HOME RUN (Flyball, 7LD), Distance : 344 ft
Batting: RHB Harley Whitfield 0-0: Called Strike
0-1: Ground out 4-3 (Groundball, 4)
Batting: LHB John Hansen 0-0: Ball
1-0: SINGLE (Groundball, 56S) (infield hit)
Batting: RHB Víctor Hernández 0-0: Ball
1-0: Swinging Strike
1-1: Called Strike
1-2: Ball
2-2: Foul Ball, location: 2F
2-2: Ball
3-2: Base on Balls
John Hansen to second
Batting: LHB Félix Calixto 0-0: Ball
1-0: Ball
2-0: Called Strike
2-1: Called Strike
2-2: Foul Ball, location: 2F
2-2: Strikes out swinging
Batting: SHB José Segura 0-0: Called Strike
0-1: Ball
1-1: TRIPLE (Flyball, 8RXD)
John Hansen scores
Víctor Hernández scores
Batting: LHB Landon Harryman 0-0: Called Strike
Steal of home, José Segura is out
Top of the 1st over - 3 runs, 3 hits, 0 errors, 0 left on base; Asheville 3 - Minnesota 0
BOTTOM OF THE 1ST
Minnesota Loons batting - Pitching for Asheville Highlanders : RHP Juan Ramírez
Pitching: RHP Juan Ramírez
Batting: RHB Germán Espantoso 0-0: Called Strike
0-1: Ground out 6-3 (Groundball, 6)
Batting: RHB Dhyana Snigdha 0-0: Ball
1-0: Ball
2-0: Ball
3-0: Called Strike
3-1: Fly out, F6 (Line Drive, 6)
Batting: LHB Bennett Whitford 0-0: Ball
1-0: Foul Ball, location: 2F
1-1: Ball
2-1: SINGLE (Groundball, 6MD)
Batting: RHB Ángelo Delgado 0-0: Called Strike
0-1: Ball
1-1: Foul Ball, location: 2F
1-2: Foul Ball, location: 2F
1-2: Strikes out swinging
Bottom of the 1st over - 0 runs, 1 hit, 0 errors, 1 left on base; Asheville 3 - Minnesota 0
TOP OF THE 2ND
Asheville Highlanders batting - Pitching for Minnesota Loons : LHP Luis Domínguez
Batting: LHB Landon Harryman 0-0: Ball
1-0: Foul Ball, location: 2F
1-1: Ball
2-1: Swinging Strike
2-2: Ball
3-2: Strikes out swinging
Batting: SHB Jeff Lowe 0-0: Foul Ball, location: 2F
0-1: Ball
1-1: Foul Ball, location: 2F
1-2: Ball
2-2: Strikes out swinging
Batting: LHB Jean Tannen 0-0: Called Strike
0-1: Ball
1-1: Foul Ball, location: 2F
1-2: Foul Ball, location: 2F
1-2: Ball
2-2: Ball
3-2: Ground out 4-3 (Groundball, 4)
Top of the 2nd over - 0 runs, 0 hits, 0 errors, 0 left on base; Asheville 3 - Minnesota 0
BOTTOM OF THE 2ND
Minnesota Loons batting - Pitching for Asheville Highlanders : RHP Juan Ramírez
Batting: RHB Júlio Vargas 0-0: Swinging Strike
0-1: Foul Ball, location: 2F
0-2: Ball
1-2: Fly out, F4 (Popup, 4)
Batting: RHB Luis Delvalle 0-0: DOUBLE (Line Drive, 7D) - OUT at third base trying to stretch hit.
Batting: RHB José de la Cavallería 0-0: Ball
1-0: Ball
2-0: Ball
3-0: Called Strike
3-1: Fly out, F8 (Flyball, 8LXD)
Bottom of the 2nd over - 0 runs, 1 hit, 0 errors, 0 left on base; Asheville 3 - Minnesota 0
TOP OF THE 3RD
Asheville Highlanders batting - Pitching for Minnesota Loons : LHP Luis Domínguez
Batting: RHB Craig Tricket 0-0: Ball
1-0: Called Strike
1-1: Ball
2-1: Ball
3-1: Foul Ball, location: 2F
3-2: Base on Balls
Batting: RHB Harley Whitfield 0-0: Called Strike
0-1: Ball
1-1: Foul Ball, location: 2F
1-2: Ball
2-2: Ball
3-2: Strikes out looking
Batting: LHB John Hansen 0-0: Ball
1-0: Ground out 4-3 (Groundball, 4MD)
Craig Tricket to second
Batting: RHB Víctor Hernández 0-0: Ball
1-0: Foul Ball, location: 2F
1-1: Swinging Strike
1-2: Ball
2-2: Ground out 5-3 (Groundball, 56S)
Top of the 3rd over - 0 runs, 0 hits, 0 errors, 1 left on base; Asheville 3 - Minnesota 0
BOTTOM OF THE 3RD
Minnesota Loons batting - Pitching for Asheville Highlanders : RHP Juan Ramírez
Batting: RHB Rubén Medina 0-0: Called Strike
0-1: Swinging Strike
0-2: Strikes out looking
Batting: RHB Cody Jaeckel 0-0: Swinging Strike
0-1: Ball
1-1: Swinging Strike
1-2: Strikes out swinging
Batting: RHB Germán Espantoso 0-0: Foul Ball, location: 2F
0-1: Fly out, F6 (Line Drive, 6M)
Bottom of the 3rd over - 0 runs, 0 hits, 0 errors, 0 left on base; Asheville 3 - Minnesota 0
TOP OF THE 4TH
Asheville Highlanders batting - Pitching for Minnesota Loons : LHP Luis Domínguez
Batting: LHB Félix Calixto 0-0: Called Strike
0-1: Ball
1-1: Called Strike
1-2: Strikes out swinging
Batting: SHB José Segura 0-0: SOLO HOME RUN (Flyball, 89D), Distance : 399 ft
Batting: LHB Landon Harryman 0-0: Ball
1-0: Swinging Strike
1-1: Ball
2-1: Ball
3-1: Ground out 5-3 (Groundball, 56)
Batting: SHB Jeff Lowe 0-0: Ball
1-0: Ball
2-0: Called Strike
2-1: Ground out 1-3 (Groundball, 13)
Top of the 4th over - 1 run, 1 hit, 0 errors, 0 left on base; Asheville 4 - Minnesota 0
BOTTOM OF THE 4TH
Minnesota Loons batting - Pitching for Asheville Highlanders : RHP Juan Ramírez
Batting: RHB Dhyana Snigdha 0-0: Ball
1-0: Ball
2-0: Fly out, F9 (Line Drive, 9D)
Batting: LHB Bennett Whitford 0-0: Called Strike
0-1: Called Strike
0-2: SINGLE (Line Drive, 8RS)
Batting: RHB Ángelo Delgado 0-0: Ball
1-0: SINGLE (Groundball, 4MD)
Bennett Whitford to second
Runner from 2nd tries for 3rd, SAFE, throw made to third
Batting: RHB Júlio Vargas 0-0: 3-RUN HOME RUN (Flyball, 7LD), Distance : 324 ft
Batting: RHB Luis Delvalle 0-0: Called Strike
0-1: Ball
1-1: Ball
2-1: Foul Ball, location: 2F
2-2: Foul Ball, location: 2F
2-2: Ball
3-2: Foul Ball, location: 2F
3-2: Fly out, F7 (Flyball, 7LM)
Batting: RHB José de la Cavallería 0-0: SINGLE (Groundball, 4MS) (infield hit)
Batting: RHB Rubén Medina 0-0: Ball
1-0: Called Strike
1-1: Foul Ball, location: 2F
1-2: Foul Ball, location: 2F
1-2: Ball
2-2: Ground out 4-3 (Groundball, 4M)
Bottom of the 4th over - 3 runs, 4 hits, 0 errors, 1 left on base; Asheville 4 - Minnesota 3
TOP OF THE 5TH
Asheville Highlanders batting - Pitching for Minnesota Loons : LHP Luis Domínguez
Batting: LHB Jean Tannen 0-0: Ground out 4-3 (Groundball, 4)
Batting: RHB Craig Tricket 0-0: Called Strike
0-1: Ball
1-1: Swinging Strike
1-2: Fly out, F9 (Flyball, 9LSF)
Batting: RHB Harley Whitfield 0-0: Ball
1-0: Called Strike
1-1: Ground out 4-3 (Groundball, 4S)
Top of the 5th over - 0 runs, 0 hits, 0 errors, 0 left on base; Asheville 4 - Minnesota 3
BOTTOM OF THE 5TH
Minnesota Loons batting - Pitching for Asheville Highlanders : RHP Juan Ramírez
Batting: RHB Cody Jaeckel 0-0: Ball
1-0: Ball
2-0: Ball
3-0: Called Strike
3-1: Base on Balls
Batting: RHB Germán Espantoso 0-0: Reached on error, E1 (Groundball, P)
Cody Jaeckel to second
Batting: RHB Dhyana Snigdha 0-0: Ball
1-0: Sac Bunt - play at first, batter OUT! 1-3
Cody Jaeckel to third
Germán Espantoso to second
Batting: LHB Bennett Whitford 0-0: Called Strike
0-1: Ground out 5-3 (Groundball, 56)
Batting: RHB Ángelo Delgado 0-0: Foul Ball, location: 2F
0-1: Foul Ball, location: 2F
0-2: Ball
1-2: Ball
2-2: Fly out, F3 (Popup, 3S)
Bottom of the 5th over - 0 runs, 0 hits, 1 error, 2 left on base; Asheville 4 - Minnesota 3
TOP OF THE 6TH
Asheville Highlanders batting - Pitching for Minnesota Loons : LHP Luis Domínguez
Batting: LHB John Hansen 0-0: Called Strike
0-1: Called Strike
0-2: Ground out 4-3 (Groundball, 4S)
Batting: RHB Víctor Hernández 0-0: Ball
1-0: Ball
2-0: Swinging Strike
2-1: Ball
3-1: Foul Ball, location: 2F
3-2: Ground out 5-3 (Groundball, 5)
Batting: LHB Félix Calixto 0-0: Called Strike
0-1: Swinging Strike
0-2: Ball
1-2: Ball
2-2: Foul Ball, location: 2F
2-2: Strikes out looking
Top of the 6th over - 0 runs, 0 hits, 0 errors, 0 left on base; Asheville 4 - Minnesota 3
BOTTOM OF THE 6TH
Minnesota Loons batting - Pitching for Asheville Highlanders : RHP Juan Ramírez
Batting: RHB Júlio Vargas 0-0: Ball
1-0: Fly out, F7 (Flyball, 7S)
Batting: RHB Luis Delvalle 0-0: Ball
1-0: Foul Ball, location: 2F
1-1: Foul Ball, location: 2F
1-2: Strikes out swinging, 2-3 out at first.
Batting: RHB José de la Cavallería 0-0: Called Strike
0-1: Swinging Strike
0-2: Strikes out swinging
Bottom of the 6th over - 0 runs, 0 hits, 0 errors, 0 left on base; Asheville 4 - Minnesota 3
TOP OF THE 7TH
Asheville Highlanders batting - Pitching for Minnesota Loons : LHP Luis Domínguez
Pitching: LHP Raymond Beauregard
Batting: SHB José Segura 0-0: Ball
1-0: Ball
2-0: Ball
3-0: Base on Balls
Pinch Hitting: SHB Javier Luna 0-0: Sac Bunt - play at first, batter OUT! 1-4
José Segura to second
Batting: SHB Jeff Lowe 0-0: Ball
1-0: Called Strike
José Segura steals 3rd base
1-1: Called Strike
1-2: Ball
2-2: Foul Ball, location: 2F
2-2: Strikes out swinging
Pinch Hitting: SHB Lúcio Gonzáles 0-0: Foul Ball, location: 2F
0-1: Ball
1-1: Foul Ball, location: 2F
1-2: Foul Ball, location: 2F
1-2: Ball
2-2: Foul Ball, location: 2F
2-2: Foul Ball, location: 2F
2-2: Foul Ball, location: 2F
2-2: Fly out, F7 (Line Drive, 7LM)
Top of the 7th over - 0 runs, 0 hits, 0 errors, 1 left on base; Asheville 4 - Minnesota 3
BOTTOM OF THE 7TH
Minnesota Loons batting - Pitching for Asheville Highlanders : RHP Juan Ramírez
Pitching: RHP Rex Hood
Now in LF: Lúcio Gonzáles
Now in RF: Marcos Rico
Batting: RHB Rubén Medina 0-0: Ball
1-0: Ball
2-0: Foul Ball, location: 2F
2-1: Ground out 4-3 (Groundball, 4)
Batting: RHB Cody Jaeckel 0-0: Ball
1-0: Ball
2-0: Called Strike
2-1: Foul Ball, location: 2F
2-2: Strikes out swinging
Batting: RHB Germán Espantoso 0-0: Called Strike
0-1: Ground out 4-3 (Groundball, 34)
Bottom of the 7th over - 0 runs, 0 hits, 0 errors, 0 left on base; Asheville 4 - Minnesota 3
TOP OF THE 8TH
Asheville Highlanders batting - Pitching for Minnesota Loons : LHP Raymond Beauregard
Batting: RHB Craig Tricket 0-0: Swinging Strike
0-1: Foul Ball, location: 2F
0-2: Ball
1-2: Ground out 5-3 (Groundball, 5)
Batting: RHB Harley Whitfield 0-0: Ball
1-0: Foul Ball, location: 2F
1-1: Fly out, F8 (Line Drive, 8LM)
Batting: LHB John Hansen 0-0: Foul Ball, location: 2F
0-1: Ball
1-1: Ball
2-1: Called Strike
2-2: Foul Ball, location: 2F
2-2: Fly out, F4 (Popup, 13S)
Top of the 8th over - 0 runs, 0 hits, 0 errors, 0 left on base; Asheville 4 - Minnesota 3
BOTTOM OF THE 8TH
Minnesota Loons batting - Pitching for Asheville Highlanders : RHP Rex Hood
Pitching: RHP Bob Grzelak
Batting: RHB Dhyana Snigdha 0-0: Ball
1-0: Foul Ball, location: 2F
1-1: Ball
2-1: Foul Ball, location: 2F
2-2: Fly out, F6 (Line Drive, 6)
Batting: LHB Bennett Whitford 0-0: Called Strike
0-1: Ball
1-1: Ball
2-1: Foul Ball, location: 2F
2-2: Ball
3-2: Foul Ball, location: 2F
3-2: SINGLE (Line Drive, 9S)
Batting: RHB Ángelo Delgado 0-0: Ball
1-0: Foul Ball, location: 2F
1-1: DOUBLE (Line Drive, 78D)
Bennett Whitford to third
Runner from 3rd tries for Home, SAFE, no throw
Batting: RHB Júlio Vargas 0-0: Called Strike
0-1: Foul Ball, location: 2F
0-2: Strikes out swinging
Pinch Hitting: LHB Juan Aranda 0-0: Called Strike
0-1: Ball
1-1: Ball
2-1: Ball
3-1: Base on Balls
Pinch Hitting: LHB Michael Ward 0-0: Ball
1-0: Fly out, F8 (Line Drive, 8LS)
Bottom of the 8th over - 1 run, 2 hits, 0 errors, 2 left on base; Asheville 4 - Minnesota 4
TOP OF THE 9TH
Asheville Highlanders batting - Pitching for Minnesota Loons : LHP Raymond Beauregard
Now at 3B: Raúl Mateo
Now in CF: Michael Ward
Batting: RHB Víctor Hernández 0-0: Ball
1-0: Foul Ball, location: 2F
1-1: Ball
2-1: Ball
3-1: Base on Balls
Batting: LHB Félix Calixto 0-0: Ball
1-0: Called Strike
1-1: Foul Ball, location: 2F
1-2: Strikes out swinging
Batting: SHB José Segura 0-0: Ball
Throwing error on steal attempt, E2
Víctor Hernández to third
1-0: Foul Ball, location: 2F
1-1: Ball
2-1: Ball
3-1: Swinging Strike
3-2: Foul Ball, location: 2F
3-2: Strikes out swinging
Batting: RHB Marcos Rico 0-0: Swinging Strike
0-1: Ball
1-1: Ball
2-1: Foul Ball, location: 2F
2-2: Ball
3-2: Foul Ball, location: 2F
3-2: Base on Balls
Pitching: RHP Aubrey McCrimmon
Batting: SHB Jeff Lowe 0-0: Ball
1-0: Foul Ball, location: 2F
1-1: Swinging Strike
1-2: Strikes out swinging
Top of the 9th over - 0 runs, 0 hits, 1 error, 2 left on base; Asheville 4 - Minnesota 4
BOTTOM OF THE 9TH
Minnesota Loons batting - Pitching for Asheville Highlanders : RHP Bob Grzelak
Pinch Hitting: LHB Rim Hong-Do 0-0: Called Strike
0-1: Ball
1-1: Foul Ball, location: 2F
1-2: Strikes out swinging
Batting: RHB Cody Jaeckel 0-0: Ball
1-0: Foul Ball, location: 2F
1-1: Called Strike
1-2: Ball
2-2: Strikes out swinging
Batting: RHB Germán Espantoso 0-0: Called Strike
0-1: Ground out 6-3 (Groundball, 6)
Bottom of the 9th over - 0 runs, 0 hits, 0 errors, 0 left on base; Asheville 4 - Minnesota 4
TOP OF THE 10TH
Asheville Highlanders batting - Pitching for Minnesota Loons : RHP Aubrey McCrimmon
Now at 2B: Ramón Yniguez
Batting: SHB Lúcio Gonzáles 0-0: Foul Ball, location: 2F
0-1: Ball
1-1: Ground out 6-3 (Groundball, 6)
Batting: RHB Craig Tricket 0-0: Ball
1-0: Foul Ball, location: 2F
1-1: Foul Ball, location: 2F
1-2: Strikes out swinging, 2-3 out at first.
Batting: RHB Harley Whitfield 0-0: Called Strike
0-1: Ball
1-1: Ball
2-1: TRIPLE (Flyball, 8LXD)
Batting: LHB John Hansen 0-0: Foul Ball, location: 2F
0-1: DOUBLE (Flyball, 89D)
Harley Whitfield scores
Batting: RHB Víctor Hernández 0-0: Ball
1-0: Fly out, F7 (Flyball, 7S)
Top of the 10th over - 1 run, 2 hits, 0 errors, 1 left on base; Asheville 5 - Minnesota 4
BOTTOM OF THE 10TH
Minnesota Loons batting - Pitching for Asheville Highlanders : RHP Bob Grzelak
Pitching: RHP Jorge Carranza
Batting: RHB Dhyana Snigdha 0-0: Called Strike
0-1: Ball
1-1: Ball
2-1: Ball
3-1: Called Strike
3-2: Fly out, F6 (Line Drive, 6)
Batting: LHB Bennett Whitford 0-0: Called Strike
0-1: Swinging Strike
0-2: Ball
1-2: Foul Ball, location: 2F
1-2: Foul Ball, location: 2F
1-2: Strikes out looking
Batting: RHB Ángelo Delgado 0-0: Called Strike
0-1: Ball
1-1: Called Strike
1-2: Foul Ball, location: 2F
1-2: Foul Ball, location: 2F
1-2: Ball
2-2: Ball
3-2: Ground out 6-3 (Groundball, 6)
Bottom of the 10th over - 0 runs, 0 hits, 0 errors, 0 left on base; Asheville 5 - Minnesota 4
Tuesday, June 12th, 2018 - OOTP Baseball 18.8 Build 76